 Dungeon Crawl Stone Soup version 0.29-a0-817-g9904bce7a6 (webtiles) character file.

Game seed: 2957257550199957317

46 gobodom the Shield-Bearer (level 3, 0/33 HPs)
             Began as a Minotaur Fighter on July 5, 2022.
             Slain by a kobold
             ... wielding a +0 whip
              (2 damage)
             ... on level 2 of the Dungeon.
             The game lasted 00:03:20 (1246 turns).

gobodom the Shield-Bearer (Minotaur Fighter)        Turns: 1246, Time: 00:03:20

Health: 0/33       AC:  6    Str: 20    XL:     3   Next: 44%
Magic:  2/2        EV:  9    Int:  5    God:
Gold:   96         SH:  4    Dex: 11    Spells: 2/2 levels left

rFire   . . .      SeeInvis .   a - +0 war axe
rCold   . . .      Faith    .   c - +0 buckler
rNeg    . . .      Spirit   .   b - +0 scale mail
rPois   .          Reflect  .   (helmet restricted)
rElec   .          Harm     .   (no cloak)
rCorr   .          Rampage  .   (no gloves)
Will    .....                   (no boots)
Stlth   ..........              (no amulet)
HPRegen 0.11/turn               (no ring)
MPRegen 0.08/turn               (no ring)

@: no status effects
A: horns 2, retaliatory headbutt
a: no special abilities


You were on level 2 of the Dungeon.
You visited 1 branch of the dungeon, and saw 2 of its levels.

You collected 96 gold pieces.

Inventory:

Hand Weapons
 a - a +0 war axe (weapon)
Missiles
 j - a throwing net
 l - 6 poisoned darts (quivered)
Armour
 b - a +0 scale mail (worn)
 c - a +0 buckler (worn)
Scrolls
 f - a scroll of blinking {unknown}
 g - a scroll of fear {unknown}
 h - a scroll of vulnerability {unknown}
 i - a scroll of poison
Potions
 d - a potion of might
 k - a potion of curing
 m - a potion of heal wounds


   Skills:
 + Level 4.2(2.1) Fighting
 + Level 2.6(1.3) Axes
 + Level 4.1(2.0) Armour
 + Level 0.2(0.1) Dodging
 + Level 4.4(2.2) Shields


You had 2 spell levels left.
You didn't know any spells.
Your spell library was empty.

Dungeon Overview and Level Annotations

Branches:
Dungeon (2/15)

Altars:
Ashenzari


Innate Abilities, Weirdness & Mutations

You have a pair of horns on your head.
You reflexively headbutt those who attack you in melee.


Message History

Found a scroll of identify.
The orc shouts!
An orc priest comes into view. It is wielding a +0 dagger.
The orc hits you but does no damage.
You slash the orc!
You kill the orc!
The kobold throws a stone.
The stone misses you.
The orc priest invokes the aid of Beogh against you.
Beogh smites you!
Ouch! That really hurt!
A kobold comes into view. It is wielding a +0 whip.
Things that are here:
a +0 dagger; an orc corpse You hit the orc.
Your headbutt misses the orc.
The orc is heavily wounded.
The orc closely misses you.
You slash the orc!
You kill the orc!
The kobold throws a stone.
The stone hits you but does no damage.
An orc comes into view. It is wielding a +0 hand axe.
You closely miss the kobold.
The orc shouts!
Your headbutt misses the kobold.
The kobold hits you with a +0 short sword.
You barely miss the kobold. The kobold hits you but does no damage.
The orc priest looks encouraged for a moment.
The kobold completely misses you.
You hit the kobold but do no damage. Your headbutt misses the kobold.
You hit the orc priest. You block the kobold's attack.
The orc priest casts a cantrip, but nothing happens.
You slash the kobold!
You kill the kobold!
You miss the kobold. You hit the orc priest. You block the kobold's attack.
The orc priest invokes the aid of Beogh against you.
Beogh smites you!
* * * LOW HITPOINT WARNING * * *
The orc priest hits you with a +0 dagger.
* * * LOW HITPOINT WARNING * * *
The kobold hits you with a +0 whip.
You die...

.. ... #.#
#.# ...?
... #.#.#
#.#
.........
#.#.#.#.##
......ooK#
#.#.#.#@##
.........#
#.#.#.#.##
.........#
#.#.#.#.##
.........#
#.#<#.#.##
.........#
#.#.#.#.##


You could see an orc priest, an orc and a kobold.

Vanquished Creatures
  An adder (D:2)
  2 orcs (D:2)
  3 ball pythons
  2 endoplasms
  2 giant cockroaches (D:1)
  A goblin (D:1)
  6 hobgoblins
  3 jackals (D:1)
  A quokka (D:2)
  A bat (D:1)
  3 frilled lizards (D:1)
  3 kobolds
  5 rats (D:1)
33 creatures vanquished.

Notes
Turn   | Place    | Note
-------+----------+-------------------------------------------
     0 | D:1      | gobodom the Minotaur Fighter began the quest for the Orb.
     0 | D:1      | Reached XP level 1. HP: 19/19 MP: 0/0
   131 | D:1      | Reached XP level 2. HP: 27/27 MP: 1/1
   156 | D:1      | Found a faded altar of an unknown god.
   205 | D:1      | Prayed at the altar of an unknown god.
   205 | D:1      | Became a worshipper of Ashenzari the Shackled
   207 | D:1      | Fell from the grace of Ashenzari
   866 | D:2      | Reached XP level 3. HP: 16/33 MP: 2/2
  1246 | D:2      | Slain by a kobold

Illustrated notes

Levels and vault maps discovered:
D:1:      scummos_arrival_forest, layout_loops_cross,
          shapermc_ecumenical_altar_hornbeckon, minivault_14
D:2:      layout_basic, st_stairs_11

Skill      XL: |  1  2 |
---------------+-------+-----
Shields        | 4 |  4.4
Armour         | 4 |  4.1
Fighting       | 4 |  4.2
Axes           | |  2.6
Dodging        | |  0.2

Action                   || total
-------------------------++-------
Melee: War axe           ||    71
       Headbutt          ||    12
Throw: Dart              ||     1
       Throwing net      ||     1
Invok: Renounce Religion ||     1
  Use: Scroll            ||     4
Armor: Scale mail        ||    36
Dodge: Dodged            ||    40
Block: Buckler           ||    19

Table legend: (Time is in decaauts)
 A = Elapsed time spent in this place.
 B = Non-inter-level travel time spent in this place.
 C = Inter-level travel time spent in this place.
 D = Time resting spent in this place.
 E = Time spent auto-exploring this place.
 F = Levels seen in this place.
 G = Mean time per level.
                   A        B        C        D        E       F      G
               +--------+--------+--------+--------+--------+-----+--------+
         Total |   1291 |   1214 |     77 |      0 |    927 |   2 |  645.5 |
       Dungeon |   1291 |   1214 |     77 |      0 |    927 |   2 |  645.5 |
               +--------+--------+--------+--------+--------+-----+--------+

Top non-repeatable levels by time:
     D:1: 867 daAuts
     D:2: 424 daAuts
